 Dungeon Crawl Stone Soup version 0.28.0-62-gf88900778d (webtiles) character file.

Game seed: 5829888363668593167

70 cbfl8 the Poker (level 4, 0/37 HPs)
             Began as a Merfolk Berserker on June 25, 2023.
             Was a Follower of Trog.
             Slain by a hobgoblin (1 damage)
             ... on level 2 of the Dungeon.
             The game lasted 00:00:50 (792 turns).

cbfl8 the Poker (Merfolk Berserker)                  Turns: 792, Time: 00:00:50

Health: 0/37       AC:  2    Str: 17    XL:     4   Next: 21%
Magic:  4/4        EV: 13    Int:  6    God:    Trog [*.....]
Gold:   57         SH:  0    Dex: 15    Spells: 3/3 levels left

rFire   . . .      SeeInvis .   a - +0 spear (freeze)
rCold   . . .      Faith    .   (no shield)
rNeg    . . .      Spirit   .   b - +0 animal skin
rPois   .          Reflect  .   (no helmet)
rElec   .          Harm     .   (no cloak)
rCorr   .          Rampage  .   (no gloves)
Will    .....                   (no boots)
Stlth   +.........              (no amulet)
HPRegen 0.12/turn               (no ring)
MPRegen 0.09/turn               (no ring)

@: on berserk cooldown, slowed, very slow
A: (nimble swimmer 2), mertail
a: Renounce Religion, Berserk


You were on level 2 of the Dungeon.
You worshipped Trog.
Trog was aware of your devotion.
You visited 1 branch of the dungeon, and saw 2 of its levels.

You collected 57 gold pieces.

Inventory:

Hand Weapons
 a - a +0 spear of freezing (weapon)
Armour
 b - a +0 animal skin (worn)
Scrolls
 d - 2 scrolls of enchant weapon {unknown}
Potions
 c - a potion of brilliance {unknown}


   Skills:
 + Level 3.8 Fighting
 + Level 5.6 Polearms
 + Level 1.5 Armour
 + Level 3.1 Dodging
 + Level 0.3 Stealth
 * Level 1.4 Evocations


You had 3 spell levels left.
You didn't know any spells.
Your spell library was empty.

Dungeon Overview and Level Annotations

Branches:
Dungeon (2/15)

Altars:


Innate Abilities, Weirdness & Mutations

((You are very nimble when in or above water. (Stealth+, EV+, Speed+++)))
Your lower body shifts to a powerful aquatic tail in water.


Message History

The scorpion is lightly wounded.
You feel sick. The scorpion stings you.
You barely miss the scorpion.
The scorpion is lightly wounded.
You feel sick. The scorpion stings you.
Unknown command.
You puncture the scorpion! You freeze the scorpion.
The scorpion is almost dead.
The scorpion closely misses you.
You puncture the scorpion! You freeze the scorpion.
You kill the scorpion!
Trog accepts your kill.
You feel sick.
Your Polearms skill increases to level 5!
Your Dodging skill increases to level 3!
Your Evocations skill increases to level 1!
You have reached level 3!
Your experience leads to an increase in your attributes!
Increase (S)trength, (I)ntelligence, or (D)exterity?
You feel agile. x2
You have reached level 4!
The hobgoblin throws a poisoned dart.
The poisoned dart barely misses you.
You are too injured to fight recklessly!
Unknown command.
You swing at nothing.
You feel a strong urge to attack something.
You feel sick.
You are no longer berserk.
You are exhausted.
You feel yourself slow down.
You feel sick. The hobgoblin misses you.
You closely miss the hobgoblin.
You feel sick.
You are no longer poisoned.
The hobgoblin hits you.
* * * LOW HITPOINT WARNING * * *
The hobgoblin hits you.
* * * LOW HITPOINT WARNING * * *
You barely miss the hobgoblin. The hobgoblin hits you.
* * * LOW HITPOINT WARNING * * *
The hobgoblin hits you.
You die...

#.# ............ #.#
......?.≈≈..## #.#
........≈. .g# #.#
..........##.####.###
≈......#...##.....#
....##....#.#.#.#
#######.g##....#.#<#.#
........@g.......#.#.#
#.....†.......#..#.#.#
#.............#..#.#.#
#..........)..##.#.#.#
#....?.....#####.#.#.#
#...........# #.#.#
#...........# #....
#######+#.... #..
#.#.##


You could see 2 hobgoblins.

Vanquished Creatures
  A scorpion (D:2)
  A worm (D:2)
  A dart slug (D:1)
  An endoplasm (D:1)
  2 bats (D:1)
  2 goblins
  2 kobolds (D:1)
  A rat (D:1)
11 creatures vanquished.

Notes
Turn   | Place    | Note
-------+----------+-------------------------------------------
     0 | D:1      | cbfl8 the Merfolk Berserker began the quest for the Orb.
     0 | D:1      | Reached XP level 1. HP: 18/18 MP: 1/1
   244 | D:1      | Found a faded altar of an unknown god.
   521 | D:1      | Reached XP level 2. HP: 24/24 MP: 2/2
   761 | D:2      | Noticed a scorpion
   787 | D:2      | Killed a scorpion
   788 | D:2      | Reached skill level 5 in Polearms
   788 | D:2      | Reached skill level 1 in Evocations
   788 | D:2      | Reached XP level 3. HP: 16/30 MP: 3/3
   788 | D:2      | Reached XP level 4. HP: 20/37 MP: 4/4
   792 | D:2      | HP: 1/37 [hobgoblin (4)]
   792 | D:2      | Slain by a hobgoblin

Illustrated notes

Levels and vault maps discovered:
D:1:      minmay_arrival_stair_chambers, layout_loops_corners,
          chequers_ecumenical_altar_simple_redux, st_stairs_6,
          minmay_misc_feat_nine_boxes
D:2:      layout_basic, solitary_fountain, nrook_mini_vaults,
          kennysheep_decorative_pillar, lemuel_old_faithful

Skill      XL: |  1  2 |
---------------+-------+-----
Polearms       | 5 |  5.6
Dodging        | 3 |  3.1
Evocations     | 1 |  1.4
Fighting       | |  3.8
Armour         | |  1.5
Stealth        | |  0.3

Action                   |  1- 3 |  4- 6 || total
-------------------------+-------+-------++-------
Melee: Spear             |    34 |     2 ||    36
Invok: Berserk           |     1 |       ||     1
  Use: Scroll            |     3 |       ||     3
Armor: Animal skin       |     1 |       ||     1
Dodge: Dodged            |    13 |     2 ||    15
